 Dungeon Crawl Stone Soup version 0.26.1-11-gd32895ea62 (webtiles) character file.

Game seed: 11217464753812268319

189 Almogavar the Chiller (level 5, -6/28 HPs)
             Began as a Gargoyle Ice Elementalist on June 24, 2021.
             Killed from afar by an orc wizard (9 damage)
             ... with a magic dart
             ... on level 4 of the Dungeon.
             The game lasted 00:09:01 (2555 turns).

Almogavar the Chiller (Gargoyle Ice Elementalist)   Turns: 2555, Time: 00:09:02

Health: -6/28      AC:  9    Str: 12    XL:     5   Next: 68%
Magic:  2/10       EV: 12    Int: 16    God:
Gold:   135        SH:  0    Dex: 10    Spells: 10/11 levels left

rFire    . . .     SeeInvis .   m - +0 mace
rCold    . . .     Faith    .   (no shield)
rNeg     + . .     Spirit   .   a - +0 robe
rPois    ∞         Reflect  .   (no helmet)
rElec    +         Harm     .   (no cloak)
rCorr    .         Rampage  .   b - +2 pair of gloves
Will     .....                  (no boots)
Stlth    ++........             (no amulet)
HPRegen  0.09/turn              (no ring)
MPRegen  0.12/turn              (no ring)

@: very slightly contaminated
A: negative energy resistance 1, electricity resistance, unbreathing,
petrification resistance, miasma immunity, AC +4
a: no special abilities


You were on level 4 of the Dungeon.
You visited 1 branch of the dungeon, and saw 4 of its levels.

You collected 135 gold pieces.

Inventory:

Hand Weapons
 m - a +0 mace (weapon)
Missiles
 h - 136 stones
Armour
 a - a +0 robe (worn)
 b - a +2 pair of gloves (worn)
 c - a +0 scale mail
 e - a +0 leather armour
Wands
 i - a wand of digging (5)
Scrolls
 g - 2 scrolls of fog
 n - a scroll of remove curse {unknown}
 q - a scroll of magic mapping {unknown}
Potions
 d - a potion of curing
 k - a potion of heal wounds
 l - a potion of brilliance {unknown}
 p - 2 potions of mutation {unknown}


   Skills:
 + Level 0.4 Fighting
 + Level 0.3 Maces & Flails
 + Level 1.7 Dodging
 + Level 2.9 Stealth
 + Level 3.5 Spellcasting
 + Level 5.4 Ice Magic


You had 10 spell levels left.
You knew the following spells:

 Your Spells              Type           Power        Failure   Level
a - Freeze                Ice            80%          1%          1

Your spell library contained the following spells:

 Spells                   Type           Power        Failure   Level
 Frozen Ramparts          Ice            40%          6%          3
 Ozocubu's Armour         Ice            20%          6%          3
 Hailstorm                Conj/Ice       11%          50%         4
 Summon Ice Beast         Ice/Summ       11%          50%         4


Dungeon Overview and Level Annotations

Branches:
Dungeon (4/15)
 Temple: D:4-7

Altars:
Sif Muna
Uskayaw


Innate Abilities, Weirdness & Mutations

You are resistant to torment.
Your stone body is resilient. (AC +4)
You are immune to poison.
You resist negative energy. (rN+)
You are resistant to electric shocks. (rElec)
You can survive without breathing.
You are immune to petrification.
You are immune to miasma.


Message History

Something tries to affect you, but you resist.
You hit something. Something hits you but does no damage.
You barely miss something.
An orc wizard appears from thin air!
Reactivating autopickup.
The orc wizard hits you but does no damage.
The orc wizard closely misses you.
You hit the orc wizard but do no damage.
The orc wizard is severely wounded.
The orc wizard hits you but does no damage.
Casting: Freeze (safe; 1% risk of failure)
Confirm with . or Enter, or press ? or * to list all spells.
Aiming: Freeze (safe; 1% risk of failure)
Press: ? - help, Shift-Dir - straight line, f - orc wizard
Aim: an orc wizard, wielding a +0 dagger and wearing a +0 robe (severely wounded)
You miscast Freeze.
You are very lightly contaminated with residual magic.
Nothing appears to happen.
The orc wizard points at you and mumbles some strange words.
The magic dart hits you!
You die...

## ### #.. .. #
#.. ...# #.# .#.#
##### #.# ...#
...... #.##...##
......####
#.#....≈≈
$.....)o.#
####...# ... #@.#
##....)##
..(..#.####..###)#
#......†.## #.#
#.##.##### #.#
#....# #.## .
#..### ####..#....
.... #..........
.../ ##.###.#....
##.# ###..# .##...


You could see an orc wizard.

Vanquished Creatures
  An orc priest (D:4)
  2 worker ants
  3 adders
  2 worms
  2 dart slugs (D:2)
  11 orcs
  7 giant cockroaches
  6 goblins
  6 hobgoblins
  7 jackals
  5 kobolds
  A quokka (D:3)
  A ball python (D:3)
  3 bats
  2 frilled lizards
  6 rats
65 creatures vanquished.

Notes
Turn   | Place    | Note
-------+----------+-------------------------------------------
     0 | D:1      | Almogavar the Gargoyle Ice Elementalist began the quest for
                  | the Orb.
     0 | D:1      | Reached XP level 1. HP: 10/10 MP: 3/3
   116 | D:1      | Reached XP level 2. HP: 15/15 MP: 0/5
   629 | D:1      | Reached XP level 3. HP: 19/19 MP: 4/6
  1352 | D:2      | Reached XP level 4. HP: 16/24 MP: 0/7
  1660 | D:3      | Found a hide-covered altar of Uskayaw.
  1723 | D:3      | Found a shimmering blue altar of Sif Muna.
  1832 | D:3      | Reached skill level 5 in Ice Magic
  2319 | D:4      | Reached XP level 5. HP: 28/28 MP: 7/9
  2555 | D:4      | Killed from afar by an orc wizard

Illustrated notes

Levels and vault maps discovered:
D:1:      grunt_arrival_lava_bath, layout_rooms
D:2:      layout_rooms
D:3:      layout_basic, grunt_temple_overflow_open
D:4:      layout_rooms, grunt_dithmenos_smoke_and_mirrors,
          nicolae_qazlal_general_emergency, serial_shops, nicolae_shop_crystal,
          nicolae_shop_stone, shop, nicolae_shop_waterfront,
          minmay_fractal_squares_5, uniq_edmund

Skill      XL: |  1  2  3  4 |
---------------+-------------+-----
Spellcasting   | 3 |  3.5
Ice Magic      | 5 |  5.4
Fighting       | |  0.4
Maces & Flails | |  0.3
Dodging        | |  1.7
Stealth        | |  2.9

Action                   |  1- 3 |  4- 6 || total
-------------------------+-------+-------++-------
Melee: Unarmed           |     7 |       ||     7
       Dagger            |    37 |       ||    37
       Mace              |     6 |    16 ||    22
 Cast: Freeze            |    47 |    60 ||   107
  Use: Scroll            |       |     5 ||     5
 Stab: Sleeping          |     3 |     1 ||     4
Armor: Robe              |    78 |    38 ||   116
Dodge: Dodged            |   130 |    27 ||   157
